 Dungeon Crawl Stone Soup version 0.18-a0-888-gdb73dea (webtiles) character file.

2244 dvd the Cleaver (level 9, -3/71 HPs)
             Began as a Hill Orc Gladiator on Dec 23, 2015.
             Was a Believer of Beogh.
             Slain by an orc warrior
             ... wielding a +0 scimitar
              (13 damage)
             ... on level 7 of the Dungeon.
             The game lasted 00:21:08 (5802 turns).

dvd the Cleaver (Hill Orc Gladiator)                Turns: 5802, Time: 00:21:08

Health: -3/71      AC: 17    Str: 19    XL:     9   Next: 37%
Magic:  9/9        EV: 14    Int:  8    God:    Beogh [**....]
Gold:   238        SH:  2    Dex: 13    Spells: 0 memorised, 8 levels left

rFire  . . .     SeeInvis .     a - +1 war axe
rCold  . . .     Gourm    .     L - +0 ring mail (curse)
rNeg   . . .     Faith    .     (no shield)
rPois  +         Spirit   .     c - +2 helmet
rElec  .         Dismiss  .     v - +0 cloak
rCorr  .         Reflect  .     B - +2 pair of gloves
SustAt .         Harm     .     (no boots)
MR     +....                    (no amulet)
Stlth  +.........               z - +2 ring of evasion
                                N - ring of poison resistance

@: somewhat resistant to hostile enchantments, very unstealthy
A: large bone plates 1, frail 1, magic resistance 1
a: Smiting, Renounce Religion


You were on level 7 of the Dungeon.
You worshipped Beogh.
Beogh was pleased with you.
You were not hungry.

You visited 2 branches of the dungeon, and saw 8 of its levels.
You also visited: Ossuary.

You collected 238 gold pieces.

Inventory:

Hand Weapons
 a - a +1 war axe (weapon)
 b - a +0 hunting sling
 g - a +3 flail
 l - a +3 quarterstaff of chaos
 G - a +0 flail of protection
Missiles
 d - 11 tomahawks
 o - 12 sling bullets of flame
 u - 2 javelins (quivered)
 y - 28 sling bullets
Armour
 c - a +2 helmet (worn)
 e - a +0 plate armour
 s - a +0 leather armour
 v - a +0 cloak (worn)
 B - a +2 pair of gloves (worn)
 L - a cursed +0 ring mail (worn)
Jewellery
 j - a +1 ring of slaying
 w - an uncursed ring of see invisible
 z - a +2 ring of evasion (right hand)
 N - a ring of poison resistance (left hand)
Wands
 H - a wand of lightning (12/15)
 R - a wand of frost (19/48)
Scrolls
 p - a scroll of fog
 q - 5 scrolls of teleportation
 t - 4 scrolls of identify
 D - a scroll of amnesia
 F - 2 scrolls of enchant weapon
 I - a scroll of enchant armour
Potions
 i - 4 potions of might
 m - a potion of invisibility
 r - a potion of curing
 x - a potion of berserk rage {unknown}
 A - 2 potions of agility
 C - a potion of haste
 K - a potion of brilliance
 M - 3 potions of flight
Books
 h - a book of Cantrips

   Spells                             Type                      Level
   a - Corona                         Hexes                        1
   b - Animate Skeleton               Necromancy                   1
   c - Summon Small Mammal            Summoning                    1
   d - Apportation                    Translocation                1
Comestibles
 f - 3 bread rations
 k - 2 slices of pizza
 n - 3 meat rations
 P - 13 fruits


   Skills:
 + Level 7.2 Fighting
 + Level 9.2(9.6) Axes
 + Level 3.0(5.8) Maces & Flails
 + Level 0.3(1.5) Staves
 + Level 0.1(1.1) Slings
 + Level 2.0 Throwing
 * Level 7.7 Armour
 + Level 3.6 Dodging
 + Level 0.5 Stealth


You had 8 spell levels left.
You didn't know any spells.

Dungeon Overview and Level Annotations

Branches:
Dungeon (7/15)             Temple (1/1) D:4

Altars:
Ashenzari
Cheibriados
Dithmenos
Elyvilon
Fedhas
Gozag
Kikubaaqudgha
Makhleb
Nemelex Xobeh
Okawaru
Pakellas
Qazlal
Ru
Vehumet
Xom
Yredelemnul
Zin
The Shining One

Shops:
D:4 ?


Innate Abilities, Weirdness & Mutations

You are partially covered in large bone plates (AC +2, SH +2).
You are frail (-10% HP).
You are resistant to hostile enchantments.


Message History

The orc warrior is heavily wounded.
The orc warrior barely misses you.
You hit the orc warrior but do no damage.
The orc warrior is heavily wounded.
The orc warrior barely misses you.
You barely miss the orc warrior.
The orc warrior is heavily wounded.
You closely miss the orc warrior.
The orc warrior is heavily wounded.
The orc warrior hits you with a scimitar!
* * * LOW HITPOINT WARNING * * *
You hit the orc warrior.
The orc warrior is heavily wounded.
The orc warrior hits you with a scimitar!
* * * LOW HITPOINT WARNING * * *
Drink which item? (? for menu, Esc to quit)
You feel better.
The orc warrior hits you with a scimitar!
You die...
Beogh appreciates the orc warrior's killing of a heretic priest.

#.##.# #.##.# ^^^
#.##.# ._ . #.##.#
.^ ^. #.##.# . ..
#.##.#######.#.#
#..........#...# #
###.#........#
.####.###.....#.@).#
.........##.#.#)o..#
..####.#.##.#.#....#
...#.##.#.#....#
#####.##.#.#...##
#.# #.##.#.###.# #.#
#.##.... _. #.#
#.##.### .## ..#
#.##.####..#


You could see an orc warrior.

Vanquished Creatures
  Grinder (D:5)
  Menkaure (D:6)
  An ogre (D:4)
  2 centaurs (D:5)
  A phantom (D:5)
  2 giant frogs (D:6)
  An elf zombie (Ossuary)
  Blork the orc (D:4)
  A scorpion (D:4)
  A water moccasin skeleton (D:4)
  4 crimson imps
  A hound (D:6)
  9 human zombies (Ossuary)
  A centaur skeleton (D:6)
  Crazy Yiuf (D:2)
  A jelly (D:5)
  2 orc priests
  2 centaur zombies (Ossuary)
  2 iguanas
  A giant frog skeleton (D:5)
  5 worker ants
  2 orc wizards (D:4)
  A killer bee zombie (D:5)
  2 hound skeletons (D:6)
  3 mummies (Ossuary)
  6 gnolls (D:3)
  6 adders
  An ooze (D:4)
  5 worms
  An adder skeleton (D:4)
  11 orcs
  6 giant cockroaches
  8 goblins
  9 hobgoblins
  7 jackals
  4 quokkas
  A ball python (D:3)
  A ball python zombie (D:6)
  4 bats
  5 giant geckos
  3 giant newts
  5 kobolds
  3 rats
135 creatures vanquished.

Vanquished Creatures (others)
  A gnoll (D:3)
  4 orcs (D:3)
5 creatures vanquished.

Grand Total: 140 creatures vanquished

Notes
Turn   | Place    | Note
--------------------------------------------------------------
     0 | D:1      | dvd the Hill Orc Gladiator began the quest for the Orb.
     0 | D:1      | Reached XP level 1. HP: 18/18 MP: 1/1
    39 | D:1      | Found a snail-covered altar of Cheibriados.
   261 | D:1      | Reached XP level 2. HP: 25/25 MP: 2/2
   735 | D:2      | Reached XP level 3. HP: 27/30 MP: 3/3
   866 | D:2      | Noticed Crazy Yiuf
   875 | D:2      | Killed Crazy Yiuf
   875 | D:2      | Reached skill level 1 in Armour
   875 | D:2      | Reached XP level 4. HP: 28/38 MP: 4/4
  1723 | D:3      | Became a worshipper of Beogh the Brigand
  1779 | D:3      | Reached skill level 5 in Axes
  1797 | D:3      | Reached XP level 5. HP: 10/45 MP: 5/5
  2500 | D:3      | Reached * piety under Beogh
  2704 | D:4      | Reached XP level 6. HP: 52/52 MP: 6/6
  2715 | D:4      | Found a blossoming altar of Fedhas.
  2859 | D:4      | Found a staircase to the Ecumenical Temple.
  2876 | D:4      | Reached skill level 1 in Maces & Flails
  2881 | Temple   | Entered the Ecumenical Temple
  3131 | D:4      | Found Joniowipir's Magic Scroll Emporium.
  3275 | D:4      | Noticed Blork the orc
  3285 | D:4      | Reached XP level 7. HP: 37/60 MP: 7/7
  3288 | D:4      | Killed Blork the orc
  3690 | D:4      | Reached skill level 5 in Fighting
  3690 | D:4      | Reached skill level 5 in Armour
  3730 | D:4      | Gained mutation: You are resistant to hostile enchantments. [potion of mutation]
  3730 | D:4      | Gained mutation: You are partially covered in large bone plates (AC +2, SH +2). [potion of mutation]
  3730 | D:4      | Gained mutation: You are frail (-10% HP). [potion of mutation]
  3793 | D:5      | Entered Level 5 of the Dungeon
  3991 | D:5      | Reached XP level 8. HP: 53/61 MP: 8/8
  4024 | D:5      | Found a sand-covered staircase.
  4033 | Ossuary  | Entered an ossuary
  4048 | Ossuary  | Reached skill level 6 in Axes
  4104 | Ossuary  | Reached ** piety under Beogh
  4203 | Ossuary  | Reached skill level 7 in Axes
  4424 | D:5      | Noticed Grinder
  4438 | D:5      | Paralysed by Grinder for 4 turns
  4442 | D:5      | Killed Grinder
  4442 | D:5      | Reached skill level 8 in Axes
  4580 | D:5      | Reached XP level 9. HP: 70/70 MP: 9/9
  4586 | D:5      | Found a stormy altar of Qazlal.
  4818 | D:6      | Noticed Menkaure
  4825 | D:6      | Killed Menkaure
  5194 | D:6      | Reached skill level 9 in Axes
  5496 | D:6      | Found a glowing golden altar of the Shining One.
  5776 | D:7      | Found a shattered altar of Ashenzari.
  5783 | D:7      | Found a shimmering altar of Xom.
  5801 | D:7      | HP: 1/71 [orc warrior/scimitar (10)]
  5802 | D:7      | Slain by an orc warrior

Vault maps used:
D:1:      minmay_arrival_stair_chambers, cheibriados_altar_1
D:2:      uniq_crazy_yiuf_cottage
D:3:      first_bread
D:4:      minmay_temple_entry_junction, serial_shops, shop,
          fedhas_altar_fruit_tree, uniq_blork_the_orc
D:5:      lemuel_coloured_pillars_altar, enter_ossuary_3, minmay_curled_crystal,
          amalloy_card_club, uniq_grinder
D:6:      nicolae_tso_swordbearing_angel, uniq_menkaure
D:7:      ashenzari_altar_1, the_bakery, xom_teletrap_fun
Temple:   chambers_temple_14
Ossuary:  ossuary_minmay_four_chambers

Action                   |  1- 3 |  4- 6 |  7- 9 || total
-------------------------+-------+-------+-------++-------
Melee: War axe           |    84 |    51 |   247 ||   382
       Quarterstaff      |       |    16 |       ||    16
       Flail             |       |   131 |     9 ||   140
 Fire: Hunting sling     |       |       |     3 ||     3
Throw: Javelin           |     4 |       |       ||     4
Invok: Convert to Beogh  |       |     1 |       ||     1
  Use: Potion            |       |     2 |    10 ||    12
       Scroll            |       |    12 |     6 ||    18
 Stab: Invisible         |       |     1 |       ||     1
  Eat: Chunk             |       |     8 |     8 ||    16
       Beef jerky        |       |       |     1 ||     1
